 Dungeon Crawl Stone Soup version 0.18-a0-1396-g8753ca6 (webtiles) character file.

179 brucemayne the Chopper (level 5, -1/38 HPs)
             Began as a Demonspawn Gladiator on Feb 23, 2016.
             Shot with an arrow by a centaur (6 damage)
             ... on level 5 of the Dungeon.
             The game lasted 00:05:12 (964 turns).

brucemayne the Chopper (Demonspawn Gladiator)        Turns: 964, Time: 00:05:12

Health: -1/38      AC: 11    Str: 16    XL:     5   Next: 32%
Magic:  5/5        EV:  8    Int: 10    God:
Gold:   105        SH:  0    Dex: 13    Spells: 0 memorised, 4 levels left

rFire  . . .     SeeInvis .     a - +0 war axe
rCold  . . .     Gourm    .     d - +0 plate armour
rNeg   . . .     Faith    .     (no shield)
rPois  .         Spirit   .     c - +0 helmet
rElec  .         Dismiss  .     (no cloak)
rCorr  .         Reflect  .     (no gloves)
SustAt +         Harm     .     (no boots)
MR     .....                    (no amulet)
Stlth  ..........               (no ring)
                                i - ring of sustain attributes

@: not resistant to hostile enchantments, extremely unstealthy
A: repulsion field 2, nightstalker 1
a: no special abilities


You were on level 5 of the Dungeon.
You were not hungry.

You visited 1 branch of the dungeon, and saw 5 of its levels.

You collected 105 gold pieces.

Inventory:

Hand Weapons
 a - a +0 war axe (weapon)
 u - a +0 blowgun
Missiles
 h - 2 tomahawks
 r - a throwing net (quivered)
 s - 17 poisoned needles
Armour
 b - a +0 leather armour
 c - a +0 helmet (worn)
 d - a +0 plate armour (worn)
Jewellery
 i - a ring of sustain attributes (left hand)
 n - an uncursed amulet of dismissal
Wands
 m - a wand of digging (1/24)
 o - a wand of paralysis (16/24)
Scrolls
 e - a scroll of identify {unknown}
 g - a scroll of immolation {unknown}
 k - a scroll of teleportation
 l - a scroll of amnesia
 p - a scroll of remove curse {unknown}
 q - a scroll of fear
Potions
 t - a potion of curing {unknown}
 v - a potion of lignification {unknown}
Comestibles
 f - a bread ration
 j - a meat ration


   Skills:
 - Level 2.0 Fighting
 + Level 5.5 Axes
 - Level 1.7 Throwing
 - Level 2.6 Dodging


You had 4 spell levels left.
You didn't know any spells.

Dungeon Overview and Level Annotations

Branches:
Dungeon (5/15)
 Temple: D:4-7

Altars:
Gozag
Okawaru
Pakellas
Sif Muna
Xom
Zin

Shops:
D:3 *


Innate Abilities, Weirdness & Mutations

You are surrounded by a moderate repulsion field (EV +3).
You are slightly more attuned to the shadows.


Message History

Read which item? (? for menu, Esc to quit)
As you read the scroll labeled MIPLIS JELYOPLOSO, it crumbles to dust.
It is a scroll of amnesia.
You feel forgetful for a moment.
You stop ascending the stairs.
Your surroundings suddenly seem different.
You open the door.
There is an open door here.
Found a stone staircase leading down.
Found 18 gold pieces.
You now have 105 gold pieces (gained 18).
Found a large peridot ring.
Found a purple potion.
A centaur comes into view.
The centaur shouts!
The centaur wields a shortbow.
The centaur shoots an arrow.
The arrow hits you!
* * * LOW HITPOINT WARNING * * *
You see here an arrow.
The centaur shoots an arrow.
The arrow hits you.
You die...

##### ###.##.# .....
......# ###.##
####.##.##### ......
!............ ###.##
###.#..# ### #.#
#......# ...
###.#######.##.###.##..
...............(.......
#...............@......
.>................=....
###.#######..#.........
#.# #..#.#.#.#... #..
........... c. ####
##..#.#..... . #..#.###
#.. ..# #


You could see a centaur.

Vanquished Creatures
  A scorpion (D:4)
  A hound (D:4)
  2 worker ants (D:4)
  3 adders
  2 dart slugs
  A giant gecko (D:4)
  An orc (D:3)
  2 bats
  2 hobgoblins
  2 giant newts
  2 goblins
  4 kobolds
  3 rats
26 creatures vanquished.

Notes
Turn   | Place    | Note
--------------------------------------------------------------
     0 | D:1      | brucemayne the Demonspawn Gladiator began the quest for the Orb.
     0 | D:1      | Reached XP level 1. HP: 16/16 MP: 1/1
    80 | D:1      | Reached skill level 3 in Axes
   251 | D:2      | Found an oddly glowing altar of Pakellas.
   314 | D:2      | Found a glowing silver altar of Zin.
   342 | D:2      | Gained mutation: You are surrounded by a mild repulsion field (EV +2). [demonic ancestry]
   342 | D:2      | Reached XP level 2. HP: 17/22 MP: 2/2
   465 | D:3      | Found Gozag's Platinum Reserve.
   584 | D:3      | Found a deep blue altar of Sif Muna.
   612 | D:3      | Gained mutation: You are slightly more attuned to the shadows. [demonic ancestry]
   612 | D:3      | Reached XP level 3. HP: 22/27 MP: 3/3
   624 | D:3      | Found an opulent altar of Gozag.
   678 | D:3      | Found a shimmering altar of Xom.
   678 | D:3      | Found an iron altar of Okawaru.
   739 | D:4      | Noticed a scorpion
   752 | D:4      | Killed a scorpion
   752 | D:4      | Reached skill level 4 in Axes
   752 | D:4      | Reached XP level 4. HP: 22/33 MP: 4/4
   760 | D:4      | Reached skill level 5 in Axes
   797 | D:4      | Gained mutation: You are surrounded by a moderate repulsion field (EV +3). [demonic ancestry]
   797 | D:4      | Reached XP level 5. HP: 25/38 MP: 5/5
   926 | D:5      | Entered Level 5 of the Dungeon
   963 | D:5      | Noticed a centaur
   964 | D:5      | Shot with an arrow by a centaur

Vault maps used:
D:1:      dpeg_arrival_rhombus
D:2:      zin_scriptorium, johnstein_pakellas_dig, ecumenical_altar_2
D:3:      lemuel_coloured_pillars_altar, nicolae_gozag_zags_fifth_avenue,
          amethyst_overflow_temple_binary, first_bread, roderic_lattice_a,
          kennysheep_generic_room_11
D:4:      minmay_temple_entry_poolview
D:5:      minmay_goblin_kobold_castle, uniq_eustachio, uniq_blork_the_orc,
          uniq_pikel, uniq_prince_ribbit1

Skill      XL: |  1  2  3  4 |
---------------+-------------+-----
Axes           | 3 4 5 |  5.5
Fighting       | |  2.0
Throwing       | |  1.7
Dodging        | |  2.6

Action                   |  1- 3 |  4- 6 || total
-------------------------+-------+-------++-------
Melee: War axe           |    80 |    41 ||   121
Throw: Throwing net      |     5 |       ||     5
       Tomahawk          |       |     1 ||     1
  Use: Potion            |       |     1 ||     1
       Scroll            |       |     3 ||     3
 Stab: Held in net/web   |     4 |       ||     4
